 Dungeon Crawl Stone Soup version 0.29.1-13-g9f3cf754e1 (webtiles) character file.

Game seed: 1834722371596035093

7604 khekkus the Artisan of Death (level 10, -3/77 HPs)
             Began as a Demonspawn Necromancer on Jan 24, 2023.
             Was a Priest of Kikubaaqudgha.
             Slain by a two-headed ogre
             ... wielding a +0 giant club
              (17 damage)
             ... on level 9 of the Dungeon.
             The game lasted 00:47:51 (11267 turns).

khekkus the Artisan of Death (DsNe)                Turns: 11267, Time: 00:47:54

Health: -3/77      AC: 10    Str: 10    XL:     10   Next: 98%
Magic:  0/20       EV: 15    Int: 18    God:    Kikubaaqudgha [***...]
Gold:   475        SH:  8    Dex: 15    Spells: 1/22 levels left

rFire   . . .      SeeInvis .   k - +1 dagger (drain)
rCold   + . .      Faith    .   (no shield)
rNeg    . . .      Spirit   .   r - +2 robe {Will+}
rPois   .          Reflect  .   b - +2 helmet
rElec   .          Harm     .   e - +1 cloak
rCorr   .          Rampage  .   x - +0 pair of gloves
Will    ++...      Clarity  +   (no boots)
Stlth   ++........              (no amulet)
HPRegen 0.22/turn               o - ring of wizardry
MPRegen 0.17/turn               g - ring of protection from cold

@: animating dead
A: large bone plates 3, foul stench 1, spiny 1, demonic willpower, demonic touch
2, clarity
a: Renounce Religion, Unearth Wretches


You were on level 9 of the Dungeon.
You worshipped Kikubaaqudgha.
Kikubaaqudgha was most pleased with you.
You visited 2 branches of the dungeon, and saw 10 of its levels.
You also visited: Sewer.

You collected 559 gold pieces.
You spent 84 gold pieces at shops.

Inventory:

Hand Weapons
 j - a +0 rapier
 k - a +1 dagger of draining (weapon)
Armour
 b - a +2 helmet (worn)
 c - a +1 troll leather armour {Pargi}
 e - a +1 cloak (worn)
 f - a +0 robe of the Archmagi
 q - the +1 robe "Cestrus" {+Inv rC++}
   (You found it on level 4 of the Dungeon)

   rC:        It greatly protects you from cold.
   +Inv:      It lets you turn invisible.
 r - a +2 robe of willpower (worn)
 x - a +0 pair of gloves (worn)
 A - a +2 robe of fire resistance
Jewellery
 g - a ring of protection from cold (right hand)
 o - a ring of wizardry (left hand)
 s - a ring of fire
 t - a ring of flight
 u - an amulet of faith
 z - a ring of protection from fire
Wands
 l - a wand of mindburst (11)
 v - a wand of flame (14)
Scrolls
 a - 4 scrolls of identify
 d - a scroll of summoning
 h - 4 scrolls of butterflies
 m - 2 scrolls of teleportation
Potions
 i - a potion of magic
 n - 4 potions of curing
 p - a potion of heal wounds
 w - a potion of cancellation
 B - a potion of flight


   Skills:
 + Level 6.5 Fighting
 + Level 6.4 Short Blades
 + Level 6.3 Dodging
 - Level 1.7 Stealth
 + Level 6.7 Spellcasting
 - Level 3.0 Hexes
 + Level 11.1 Necromancy


You had one spell level left.
You knew the following spells:

 Your Spells              Type           Power      Damage    Failure   Level
a - Necrotise             Necr           100%       1d9       1%          1
b - Vampiric Draining     Necr           46%        2d9       1%          3
c - Animate Dead          Necr           46%        N/A       1%          4
d - Agony                 Necr           46%        N/A       1%          5
e - Anguish               Hex/Necr       15%        N/A       2%          4
f - Dispel Undead         Necr           46%        3d18      1%          4

Your spell library contained the following spells:

 Spells                   Type           Power      Damage    Failure   Level
 Beastly Appendage        Tmut           12%        N/A       4%          1
 Magic Dart               Conj           24%        1d4       4%          1
 Searing Ray              Conj           12%        2d4       7%          2
 Wereblood                Tmut           6%         N/A       7%          2
 Death Channel            Necr           23%        N/A       7%          6
 Corpse Rot               Necr/Pois/Air  19%        N/A       10%         4
 Borgnjor's Vile Clutch   Necr/Erth      13%        N/A       12%         5
 Frozen Ramparts          Ice            12%        1d2       13%         3
 Gell's Gravitas          Tloc           6%         N/A       13%         3
 Spider Form              Tmut/Pois      6%         N/A       13%         3
 Teleport Other           Tloc           6%         N/A       13%         3
 Fulminant Prism          Conj/Hex       5%         3d7       24%         4
 Airstrike                Air            3%         2d(1-17)  38%         4
 Ice Form                 Ice/Tmut       6%         N/A       38%         4
 Summon Ice Beast         Ice/Summ       6%         N/A       38%         4
 Summon Lightning Spire   Summ/Air       6%         N/A       38%         4
 Lightning Bolt           Conj/Air       3%         1d14      73%         5
 Dispersal                Tloc           3%         N/A       99%         6


Dungeon Overview and Level Annotations

Branches:
Dungeon (9/15)             Temple (1/1) D:4             Orc (0/2) D:9
  Sewer (visited)
   Lair: D:8-11

Altars:
Ashenzari
Cheibriados
Fedhas
Gozag
Hepliaklqana
Kikubaaqudgha
Makhleb
Nemelex Xobeh
Okawaru
Qazlal
Ru
Trog
Uskayaw
Vehumet
Wu Jian
Xom
Yredelemnul

Shops:
D:2 :*[((   D:3 (   D:7 *

Annotations:
D:8 diceflayer's ghost, novice DsHu


Innate Abilities, Weirdness & Mutations

You are completely covered in large bone plates. (SH +8)
You may rarely emit foul miasma when damaged in melee.
You are partially covered in sharp spines.
You punish those that try to bend your will. (Will+)
Your touch may inflict irresistible damage on your foes.
You possess an exceptional clarity of mind.


Message History

Casting: Necrotise (safe; 1% risk of failure)
Confirm with . or Enter, or press ? or * to list all spells.
Aiming: Agony (dangerous; 1% risk of failure)
Press: ? - help, Shift-Dir - straight line, f/p - two-headed ogre
Aim: a two-headed ogre, wielding two +0 giant clubs (foul pestilence, lightly wounded, chance to affect: 92%)
The two-headed ogre barely resists.
The two-headed ogre is engulfed in dark miasma.
The two-headed ogre is poisoned.
You block the two-headed ogre's attack.
The two-headed ogre hits you with a +0 giant club!!
* * * LOW HITPOINT WARNING * * *
You feel much better.
Casting: Agony (dangerous; 1% risk of failure)
Confirm with . or Enter, or press ? or * to list all spells.
Aiming: Vampiric Draining (safe; 1% risk of failure)
Press: ? - help, Shift-Dir - straight line, f/p - two-headed ogre
Aim: a two-headed ogre, wielding two +0 giant clubs (foul pestilence, lightly wounded, poisoned)
You draw life force from the two-headed ogre.
You feel life coursing into your body.
The two-headed ogre is engulfed in dark miasma.
The two-headed ogre looks even sicker.
The two-headed ogre seems to slow down.
You block the two-headed ogre's attack.
The two-headed ogre hits you with a +0 giant club!
Casting: Vampiric Draining (safe; 1% risk of failure)
Confirm with . or Enter, or press ? or * to list all spells.
You don't have enough magic to cast this spell.
Unknown command.
Casting: Vampiric Draining (safe; 1% risk of failure)
Confirm with . or Enter, or press ? or * to list all spells.
Aiming: Necrotise (safe; 1% risk of failure)
Press: ? - help, Shift-Dir - straight line, f/p - two-headed ogre
Aim: a two-headed ogre, wielding two +0 giant clubs (foul pestilence, heavily wounded, very poisoned, slow, chance to affect: 70%)
The two-headed ogre writhes in agony.
The howler monkey hoots and howls with incredible vigour!
The two-headed ogre is engulfed in dark miasma.
The two-headed ogre looks even sicker.
The two-headed ogre hits you with a +0 giant club!!
* * * LOW HITPOINT WARNING * * *
The two-headed ogre hits you with a +0 giant club!
You die...
Kikubaaqudgha rasps: "You have failed me!
Welcome... death!"

#...........#
.....
#...........'
.....
#...........#
.....
#...........#
.....
#...........#
.....
#...........#
.....
#....h......#
##### #O# #.
###@# ##.
#...# #..
###?### #.#
#...# #'#
##'#######
#..
#..........
#.#
#...........
#.#
#...........#
###
#...........#
#


You could see a two-headed ogre (very poisoned, slow) and a howler monkey
(catching breath).

Vanquished Creatures
  A two-headed ogre (D:9)
  A troll (D:5)
  11 yaks
  2 wyverns
  A wraith (D:9)
  A steam dragon (D:6)
  7 vampire mosquitoes
  2 water moccasins
  Duvessa (D:4)
  Pargi (Sewer)
  An ice beast (D:7)
  An orc warrior (D:7)
  2 sky beasts
  3 centaurs
  2 ogres
  2 phantoms (D:6)
  2 kobold brigands
  A bullfrog (D:8)
  2 necrophages (D:6)
  2 scorpions
  4 wights (D:7)
  Dowan (D:4)
  4 killer bees (D:8)
  3 howler monkeys
  3 hounds
  A jelly (D:4)
  8 orc priests
  6 iguanas
  2 orc wizards (D:6)
  Robin (D:3)
  5 adders
  A shadow imp (D:7)
  2 ufetubi
  5 dart slugs
  28 orcs
  7 endoplasms
  5 giant cockroaches
  8 hobgoblins
  A jackal (Sewer)
  12 kobolds
  3 quokkas
  2 ball pythons
  7 bats
  2 frilled lizards
  10 goblins
  6 rats
183 creatures vanquished.

Vanquished Creatures (collateral kills)
  Psyche (D:8)
  A vampire mosquito (D:8)
  A necrophage (D:7)
  A howler monkey (D:8)
  An adder (D:6)
  A white imp (D:6)
  4 orcs
  7 kobolds
17 creatures vanquished.

Vanquished Creatures (others)
  A yak (D:9)
  4 vampire mosquito zombies (D:8)
  2 yak zombies (D:8)
  A howler monkey (D:8)
  A centaur zombie (D:7)
  11 kobold zombies
  16 orc zombies
36 creatures vanquished.

Grand Total: 236 creatures vanquished

Notes
Turn   | Place    | Note
-------+----------+-------------------------------------------
     0 | D:1      | khekkus the Demonspawn Necromancer began the quest for the
                  | Orb.
     0 | D:1      | Reached XP level 1. HP: 13/13 MP: 3/3
   303 | D:1      | Gained mutation: You are partially covered in large bone
                  | plates. (SH +4) [demonic ancestry]
   303 | D:1      | Reached XP level 2. HP: 19/19 MP: 1/5
   683 | D:1      | Found a faded altar of an unknown god.
   788 | D:1      | Reached skill level 1 in Short Blades
   944 | D:1      | You fall into a shaft and drop 1 floor!
  1050 | D:2      | Gained mutation: Your touch may inflict minor irresistible
                  | damage on your foes. [demonic ancestry]
  1050 | D:2      | Reached XP level 3. HP: 24/24 MP: 3/6
  1054 | D:2      | Learned a level 3 spell: Vampiric Draining
  1105 | D:2      | Found Suylicsalel's Book Emporium.
  1113 | D:2      | Found Peufen's Armour Shoppe.
  1130 | D:2      | Found Xewkeb's Weapon Shoppe.
  1134 | D:2      | Noticed Robin
  1151 | D:3      | Reached skill level 5 in Necromancy
  1153 | D:3      | Killed Robin
  1199 | D:2      | Gained mutation: You are partially covered in sharp spines.
                  | [demonic ancestry]
  1199 | D:2      | Reached XP level 4. HP: 21/30 MP: 2/7
  1325 | D:2      | Found Inoromus's Weapon Emporium.
  1603 | D:2      | Found Kihadgh's General Store.
  1612 | D:2      | Bought a scroll of identify for 28 gold pieces
  1612 | D:2      | Bought a scroll of identify for 28 gold pieces
  1612 | D:2      | Bought a scroll of identify for 28 gold pieces
  1697 | D:3      | Found a glowing drain.
  1706 | Sewer    | Entered a sewer
  1726 | Sewer    | Learned a level 4 spell: Animate Dead
  1759 | Sewer    | Noticed Pargi
  1792 | Sewer    | Killed Pargi
  1793 | Sewer    | Reached skill level 6 in Necromancy
  1793 | Sewer    | Gained mutation: Your touch may inflict irresistible damage
                  | on your foes. [demonic ancestry]
  1793 | Sewer    | Reached XP level 5. HP: 31/35 MP: 0/8
  2668 | D:3      | Found Hamusout's Weapon Boutique.
  2868 | D:4      | Reached skill level 7 in Necromancy
  2906 | D:4      | Gained mutation: You are mostly covered in large bone
                  | plates. (SH +6) [demonic ancestry]
  2906 | D:4      | Reached XP level 6. HP: 41/41 MP: 1/9
  3052 | D:4      | Found a staircase to the Ecumenical Temple.
  3063 | D:4      | Identified the +1 robe "Cestrus" {+Inv rC++}
  3084 | Temple   | Entered the Ecumenical Temple
  3231 | Temple   | Became a worshipper of Kikubaaqudgha
  3736 | D:4      | Noticed Dowan
  3736 | D:4      | Noticed Duvessa
  3747 | D:4      | Killed Dowan
  3762 | D:4      | Killed Duvessa
  3763 | D:4      | Reached skill level 8 in Necromancy
  3978 | D:4      | Reached XP level 7. HP: 23/47 MP: 2/11
  4246 | D:4      | Found a blossoming altar of Fedhas.
  4305 | D:5      | Entered Level 5 of the Dungeon
  4321 | D:5      | Reached skill level 1 in Fighting
  4681 | D:5      | Noticed a troll
  4703 | D:5      | HP: 2/48 [phantom (5)]
  4716 | D:6      | Gained mutation: You possess an exceptional clarity of
                  | mind. [potion of mutation]
  5013 | D:5      | Killed a troll
  5014 | D:5      | Reached skill level 9 in Necromancy
  5014 | D:5      | Gained mutation: You are completely covered in large bone
                  | plates. (SH +8) [demonic ancestry]
  5014 | D:5      | Reached XP level 8. HP: 46/57 MP: 3/13
  5797 | D:6      | Learned a level 5 spell: Agony
  5926 | D:6      | Reached * piety under Kikubaaqudgha
  5926 | D:6      | Received a gift from Kikubaaqudgha
  6642 | D:6      | Gained mutation: You may rarely emit foul miasma when
                  | damaged in melee. [demonic ancestry]
  6642 | D:6      | Reached XP level 9. HP: 64/65 MP: 15/15
  7287 | D:7      | Found Naozit's Elemental Accessories.
  7455 | D:7      | Reached skill level 5 in Spellcasting
  7461 | D:7      | Reached ** piety under Kikubaaqudgha
  7462 | D:7      | Reached skill level 10 in Necromancy
  7725 | D:7      | Reached skill level 5 in Short Blades
  7737 | D:7      | Reached skill level 5 in Fighting
  8098 | D:7      | Reached skill level 5 in Dodging
  8292 | D:7      | Found an iron altar of Okawaru.
  8483 | D:7      | Found a burning altar of Makhleb.
  8623 | D:8      | Gained mutation: You punish those that try to bend your
                  | will. (Will+) [demonic ancestry]
  8623 | D:8      | Reached XP level 10. HP: 31/74 MP: 18/18
  9151 | D:8      | Found a runed translucent door.
  9157 | D:8      | Noticed diceflayer's ghost (novice DsHu)
  9455 | D:8      | Learned a level 4 spell: Anguish
  9563 | D:8      | Found a faded altar of an unknown god.
  9563 | D:8      | Found a hazy altar of Hepliaklqana.
  9563 | D:8      | Found a faded altar of an unknown god.
  9922 | D:8      | Reached skill level 1 in Hexes
  9944 | D:8      | Noticed Psyche
  9966 | D:8      | Killed Psyche
 10146 | D:8      | Identified the +1 leather armour of the Furies {rPois Int-5
                  | Dex+3}
 10331 | D:8      | Found a sparkling altar of Nemelex Xobeh.
 10333 | D:8      | Found a hide-covered altar of Uskayaw.
 10333 | D:8      | Found a radiant altar of Vehumet.
 10551 | D:9      | Found a flagged portal.
 10567 | D:9      | Identified the +3 hand axe "Nuezip" {antimagic, rF+ rN++
                  | Stlth-}
 10700 | D:9      | Found a staircase to the Orcish Mines.
 10704 | D:9      | Noticed a two-headed ogre
 10717 | D:9      | Killed a two-headed ogre
 10717 | D:9      | Reached *** piety under Kikubaaqudgha
 10717 | D:9      | Received a gift from Kikubaaqudgha
 10718 | D:9      | Reached skill level 11 in Necromancy
 10992 | D:9      | Learned a level 4 spell: Dispel Undead
 11256 | D:9      | Noticed a two-headed ogre
 11267 | D:9      | Slain by a two-headed ogre

Illustrated notes

Levels and vault maps discovered:
D:1:      spicycebolla_green_bress_n_ham_2, layout_basic,
          ebering_ecumenical_altar_sacrificial
D:2:      layout_rooms, serial_shops, nicolae_shop_trees,
          nicolae_lakefront_shop, shop, shop, nicolae_shop_hallway_plus,
          hex_intersection, uniq_robin
D:3:      layout_basic, serial_shops, nicolae_shop_hallway_plus,
          cheibrodos_sewer_entry_drain
D:4:      layout_loops_corners, fedhas_altar_4, minmay_temple_entry_tees,
          uniq_duvessa
D:5:      layout_basic
D:6:      layout_loops_ring
D:7:      layout_cave_pods, mainiacjoe_overflow_surrounded_room,
          mainiacjoe_overflow_swirl, nicolae_elemental_shop
D:8:      layout_loops_ring, nicolae_hepliaklqana_ecumenical_no_more,
          mainiacjoe_overflow_alcove_3, ebering_ghost_reflecting_pool,
          uniq_psyche
D:9:      layout_roguey, nicolae_overflow_hidden_temple, david_orc_3,
          enter_bailey_2, st_stairs_12
Temple:   jpeg_temple_clearing

Skill      XL: |  1  2  3  4  5  6  7  8  9 10 |
---------------+-------------------------------+-----
Short Blades   | 1 2 3 4 5 6 |  6.4
Necromancy     | 5 6 7 8 9 10 11 | 11.1
Dodging        | 2 3 4 5 6 |  6.3
Fighting       | 2 3 5 6 |  6.5
Spellcasting   | 3 4 5 6 |  6.7
Hexes          | 3 |  3.0
Stealth        | |  1.7

Action                   |  1- 3 |  4- 6 |  7- 9 | 10-12 || total
-------------------------+-------+-------+-------+-------++-------
Melee: Unarmed           |     2 |       |       |       ||     2
       Dagger            |    11 |    78 |   252 |   132 ||   473
       Touch             |     3 |    13 |    46 |    33 ||    95
       Punch             |       |       |     1 |     2 ||     3
 Cast: Necrotise         |    54 |    33 |    45 |    22 ||   154
       Vampiric Draining |     1 |     1 |       |     3 ||     5
       Animate Dead      |       |     7 |    10 |     7 ||    24
       Agony             |       |       |     3 |     5 ||     8
       Anguish           |       |       |       |     6 ||     6
Evoke: Wand              |       |       |       |     2 ||     2
  Use: Potion            |     1 |     1 |     4 |     1 ||     7
       Scroll            |       |     7 |    12 |     3 ||    22
 Stab: Sleeping          |       |     2 |     4 |       ||     6
       Invisible         |       |     1 |       |       ||     1
       Distracted        |       |       |     1 |     1 ||     2
Armor: Robe              |     8 |    14 |    61 |    27 ||   110
       Troll leather arm |       |    19 |       |       ||    19
Dodge: Dodged            |    15 |    37 |   123 |    50 ||   225
Block: Other             |     4 |    12 |    81 |    42 ||   139
